Unix NetHack Version 5.0.0-0 post-release - last build May  4 2026 22:22:43 (774f63e81ad911689b3a0859ea89b322d5daca8d,branch:main).

Game began 2026-05-07 17:35:29, ended 2026-05-08 10:35:50.

2459783kj, lawful male human Knight

 --------------                    ---------       ----------------
 |.............###########         |.......-`      |..............|
 |............|          ##########......<.|#######...............|
 |............|                   #|.......|####   |.......(.......#`
 --.-----------                   #----.----#     #...............| #
   #                              #    #    #     #--------.------- #
   #                            ###    # ####     #        #        #
   #                            #  #######        #        #        #
   #####                   ###### ##---.------- ###        #        #
   ----.----           ---------# # |..........########### ##       #
   |.......|           |........#   |.........|####   ---.--|---    #
   |........#          |.......|##  |oo........#  ####|........|    #
   |.......|###########........|####e@........| ######...>......#####-----
   |........##  ##     |.......|#   -----------##     |........|   ##....|
   ---------     #     |.......|################      ----------    #|...|
                 ######---------#                                   #....|
                      ###########                                    |o..|
                                                                     -.---
                                                                      #
2459783kj the Bachelor   St:15 Dx:9 Co:13 In:7 Wi:17 Ch:18  Lawful
Dlvl:1  $:26 HP:0(45) Pw:49(49) AC:3  Xp:7 T:5685 

Latest messages:
 You kill the green mold!
 You are splashed by the green mold's acid!
 Drink from the fountain? [yn] (n) y
 The cool draught refreshes you.
 The fountain dries up!
 You see here a statue of a goblin.
 You see here a statue of a goblin.
 You kill the green mold!
 You are splashed by the green mold's acid!
 You see here a green mold corpse.
 You see here a green mold corpse.
 There is a green mold corpse here; eat it? [ynq] (n) y
 You have a very bad case of stomach acid.
 You finish eating the green mold corpse.
 You feel less concerned about becoming petrified.
 You try to move the boulder, but in vain.
 You see here a locked large box.
 You no longer feel secure from petrification.
 In what direction? 6
 Seems like something lootable over there.
 You see here a locked large box.
 The large box is locked.
 In what direction? 6
 You kick a locked large box.
 THUD!
 You break open the lock!
 You see here a broken large box.
 In what direction? 6
 You see no door there.
 K - a yellow potion.
 The hill orc misses!
 You hit the floating eye.
 You are frozen by the floating eye's gaze!
 The hill orc hits!
 The hill orc hits!
 The hill orc just misses!
 The hill orc hits!
 The hill orc hits!
 The hill orc hits!
 The hill orc hits!
 The hill orc hits!
 The hill orc hits!
 The hill orc hits!
 The hill orc hits!
 You die...
 Do you want your possessions identified? [ynq] (y) n
 Do you want to see your attributes? [ynq] (y) n
 Do you want an account of creatures vanquished? [ynaq] (y) n
 Do you want to see your conduct and achievements? [ynq] (y) n
 Do you want to see the dungeon overview? [ynq] (y) n

Inventory:
 Coins    ('$')
  $ - 26 gold pieces
 Weapons  (')')
  z - a +0 sling
  t - 9 +0 darts
  l - 8 cursed -1 darts
  i - a +0 dagger
  j - a +0 elven dagger
  k - a +3 orcish dagger
  s - 2 +0 orcish daggers
  a - a cursed very corroded +1 long sword (weapon in right hand)
  b - a +1 lance (alternate weapon; not wielded)
 Armor    ('[')
  d - an uncursed +0 helmet (being worn)
  y - an uncursed +0 orcish helm
  f - an uncursed +0 pair of leather gloves (being worn)
  e - an uncursed +0 small shield (being worn)
  C - an uncursed +0 mummy wrapping
  c - an uncursed +1 ring mail (being worn)
 Comestibles  ('%')
  h - an uncursed carrot
 Scrolls  ('?')
  x - a blessed scroll of identify
  A - an uncursed scroll of remove curse
 Potions  ('!')
  K - an uncursed potion of healing
 Rings    ('=')
  r - an uncursed ring of searching
 Wands    ('/')
  p - a wand of stasis (0:3)
 Gems/Stones  ('*')
  o - an uncursed fluorite stone
  B - an uncursed worthless piece of black glass
  m - a cursed worthless piece of black glass

2459783kj the Knight's attributes:

Background:
 You were a Bachelor, a level 7 male human Knight.
 You were lawful, nominally on a mission for Lugh
 who was opposed by Brigit (neutral) and Manannan Mac Lir (chaotic).
 You were right-handed.
 You were in the Dungeons of Doom, on level 1.
 You entered the dungeon 5685 turns ago.
 You had 652 experience points, 628 more were needed to attain level 8.

Basics:
 You had 0 out of 45 hit points.
 You had all 49 energy points (spell power).
 Your armor class was 3.
 Your wallet contained 26 zorkmids.
 Autopickup was off.

Final Characteristics:
 Your strength was 15 (limit:18/100).
 Your dexterity was 9 (limit:18).
 Your constitution was 13 (limit:18).
 Your intelligence was 7 (limit:18).
 Your wisdom was 17 (limit:18).
 Your charisma was 18 (limit:18).

Final Status:
 You weren't hungry.
 You were unencumbered.
 You were wielding a long sword.
 You had basic skill with long sword and could have enhanced that.

Final Attributes:
 You were piously aligned.
 You saw invisible.
 You were telepathic.
 You could jump.
 You were warded.
 You were fast.
 You are dead.

Miscellaneous:
 You didn't encounter any bones levels.
 Total elapsed playing time was 2 hours, 20 minutes and 26 seconds.

Major events:
 Turn
    1: 2459783kj the lawful male human Knight entered the dungeon
 1151: attained the rank of Esquire (level 3)
 4455: attained the rank of Bachelor (level 6)
 5685: killed by a hill orc, while frozen by a floating eye's gaze

You didn't know any spells.

Skills:
 Fighting Skills
   bare handed combat [Unskilled]
   two weapon combat  [Unskilled]
   riding             [Basic]
 Weapon Skills
   dagger             [Unskilled]
   knife              [Unskilled]
   axe                [Unskilled]
   pick-axe           [Unskilled]
   short sword        [Unskilled]
   broadsword         [Unskilled]
   long sword         [Basic]
   two-handed sword   [Unskilled]
   saber              [Unskilled]
   club               [Unskilled]
   mace               [Unskilled]
   morning star       [Unskilled]
   flail              [Unskilled]
   hammer             [Unskilled]
   polearms           [Unskilled]
   spear              [Unskilled]
   trident            [Unskilled]
   lance              [Basic]
   bow                [Unskilled]
   crossbow           [Unskilled]
 Spellcasting Skills
   attack spells      [Unskilled]
   healing spells     [Unskilled]
   clerical spells    [Unskilled]

Voluntary challenges:
 Character rerolling was not enabled.
 You were an atheist.
 You never genocided any monsters.
 You never polymorphed an object.
 You never changed form.
 You used no wishes.
Achievements:
 You attained the rank of Esquire.
 You attained the rank of Bachelor.

 The Dungeons of Doom: levels 1 to 4
    Level 1: <- You were here.
       Final resting place for
          you, killed by a hill orc, while frozen by a floating eye's gaze.
    Level 2:
    Level 3:
    Level 4:
       A fountain.


Vanquished creatures:
  a horse
  a kobold mummy
  3 floating eyes
  a giant bat
  4 orc zombies
  a dwarf zombie
  7 acid blobs
  3 coyotes
  a gas spore
  5 hobbits
  a large kobold
  2 giant rats
  a cave spider
  a brown mold
  3 green molds
  2 red molds
  9 garter snakes
  5 geckos
 16 jackals
  2 foxes
  3 kobolds
  5 goblins
  2 sewer rats
  4 grid bugs
 10 lichens
  3 kobold zombies
 12 newts
108 creatures vanquished.

No species were genocided or became extinct.

Game over:
                       ----------
                      /          \
                     /    REST    \
                    /      IN      \
                   /     PEACE      \
                  /                  \
                  |    2459783kj     |
                  |      26 Au       |
                  | killed by a hill |
                  |       orc        |
                  |                  |
                  |                  |
                  |       2026       |
                 *|     *  *  *      | *
        _________)/\\_//(\/(/\)/\//\/|_)_______

Fare thee well 2459783kj the Knight...

You died in The Dungeons of Doom on dungeon level 1 with 1310 points,
and 26 pieces of gold, after 5685 moves.
You were level 7 with a maximum of 45 hit points when you died.

